 Dungeon Crawl Stone Soup version 0.24-a0-520-g8fd06ad0bc (webtiles) character file.

Game seed: 3869591404379598333

254 oki the Chiller (level 5, -1/28 HPs)
             Began as a Vampire Ice Elementalist on July 25, 2019.
             Slain by a centaur zombie (6 damage)
             ... on level 3 of the Dungeon.
             The game lasted 00:05:42 (3153 turns).

oki the Chiller (Vampire Ice Elementalist)          Turns: 3153, Time: 00:05:43

Health: -1/28      AC:  2    Str: 10    XL:     5   Next: 90%
Magic:  9/9        EV: 13    Int: 18    God:
Gold:   143        SH:  0    Dex: 15    Spells: 3/10 levels left

rFire    x . .     SeeInvis +   e - +0 dagger
rCold    + + +     Gourm    .   (no shield)
rNeg     + + +     Faith    .   a - +0 robe
rPois    ∞         Spirit   .   (no helmet)
rElec    .         Reflect  .   (no cloak)
rCorr    .         Harm     .   (no gloves)
MR       .....                  (no boots)
Stlth    ++++......             (no amulet)
HPRegen  0.00/turn              g - ring of ice
MPRegen  0.11/turn              m - +3 ring of strength

@: bloodless, regenerating quickly
A: no food, fangs 3, see invisible, unbreathing
a: Bat Form, Revivify


You were on level 3 of the Dungeon.
You were bloodless.

You visited 1 branch of the dungeon, and saw 3 of its levels.

You collected 143 gold pieces.

Inventory:

Hand Weapons
 e - a +0 dagger (weapon)
Armour
 a - a +0 robe (worn)
Jewellery
 g - a ring of ice (left hand)
 m - a +3 ring of strength (right hand)
Scrolls
 b - 3 scrolls of teleportation
 d - a scroll of remove curse {unknown}
 j - a scroll of fog {unknown}
 k - a scroll of enchant weapon {unknown}
 l - a scroll of enchant armour {unknown}
Potions
 c - a potion of haste {unknown}
 f - a potion of might {unknown}
 h - 2 potions of curing
 i - 2 potions of agility


   Skills:
 - Level 2.1 Dodging
 - Level 3.0 Stealth
 + Level 3.2 Spellcasting
 * Level 2.4 Conjurations
 * Level 5.0 Ice Magic


You had 3 spell levels left.
You knew the following spells:

 Your Spells              Type           Power        Failure   Level  Hunger
f - Freeze                Ice            ####         1%          1    N/A
i - Summon Ice Beast      Ice/Summ       ###.....     50%         4    N/A
x - Throw Frost           Conj/Ice       ###...       5%          2    N/A

Your spell library contained the following spells:

 Spells                   Type           Power        Failure   Level  Hunger
 Ozocubu's Armour         Chrm/Ice       ###.....     17%         3    N/A
 Throw Icicle             Conj/Ice       ###.....     34%         4    N/A

Dungeon Overview and Level Annotations

Branches:
Dungeon (3/15)

Altars:


Innate Abilities, Weirdness & Mutations

You do not eat.
You do not regenerate when monsters are visible.
You are frail without blood (-20% HP).
You are immune to poison.
You have razor-sharp teeth.
You have supernaturally acute eyesight. (SInv)
You can survive without breathing.


Message History

There is a stone staircase leading up here.
HP restored.
Things that are here:
a +0 hand axe; an orc skeleton You see here 19 sling bullets.
d - a scroll labeled NALOWI QARAUFE
Found a stone staircase leading up.
A centaur zombie comes into view.
You hit the centaur zombie but do no damage.
The centaur zombie closely misses you.
Unknown command.
The centaur zombie closely misses you. The centaur zombie hits you!
The centaur zombie hits you. The centaur zombie hits you.
The centaur zombie closely misses you. The centaur zombie hits you.
* * * LOW HITPOINT WARNING * * *
The centaur zombie hits you.
You die...

## .# ####
.########## ....
........... ....
....### ....
.##...##### ....
#####.....########
##o...
#####.......@##
#...>o .###
########Z.###
#..... ...
##......# #.####
..# ##..###### #.#
#.# # ##..## #..#
#.# #.# #.####..##
#..# ##)#
#.###....#(## #..#
##..# #..## #....#
#..####..## ##..#
##.#...#
#..##...##


You could see a centaur zombie.

Vanquished Creatures
  A sky beast (D:2)
  A scorpion (D:2)
  An orc wizard (D:3)
  An adder (D:2)
  An ooze (D:1)
  A worm (D:2)
  3 dart slugs
  5 leopard geckos
  An orc (D:3)
  2 ball pythons
  10 bats
  2 giant cockroaches
  6 hobgoblins
  7 kobolds
  A quokka (D:1)
  3 frilled lizards
  4 goblins
  7 rats
57 creatures vanquished.

Notes
Turn   | Place    | Note
-------+----------+-------------------------------------------
     0 | D:1      | oki the Vampire Ice Elementalist began the quest for the
                  | Orb.
     0 | D:1      | Reached XP level 1. HP: 13/13 MP: 3/3
   184 | D:1      | Reached XP level 2. HP: 19/19 MP: 0/5
   635 | D:1      | Reached XP level 3. HP: 19/24 MP: 4/6
   645 | D:1      | Learned a level 2 spell: Throw Frost
  1297 | D:2      | Noticed a scorpion
  1577 | D:2      | Reached skill level 4 in Ice Magic
  1588 | D:2      | Reached skill level 1 in Conjurations
  1721 | D:2      | Killed a scorpion
  1721 | D:2      | Reached XP level 4. HP: 16/24 MP: 2/8
  1729 | D:1      | Learned a level 4 spell: Summon Ice Beast
  2277 | D:2      | Noticed a sky beast
  2288 | D:2      | Killed a sky beast
  2288 | D:2      | Reached XP level 5. HP: 9/28 MP: 4/9
  3032 | D:3      | Reached skill level 5 in Ice Magic
  3153 | D:3      | Slain by a centaur zombie

Levels and vault maps discovered:
D:1:      matt_arrival_refuge, layout_basic
D:2:      layout_rooms, grunt_decor_cap
D:3:      layout_rooms, minmay_misc_feat_secret_circle

Skill      XL: |  1  2  3  4  5 |
---------------+----------------+-----
Ice Magic      | 4 5 |  5.0
Conjurations   | 1 2 |  2.4
Spellcasting   | 3 |  3.2
Dodging        | |  2.1
Stealth        | |  3.0

Action                   |  1- 3 |  4- 6 || total
-------------------------+-------+-------++-------
Melee: Unarmed           |     8 |       ||     8
       Dagger            |    28 |    35 ||    63
       Bite              |     1 |     1 ||     2
 Cast: Freeze            |    37 |    26 ||    63
       Throw Frost       |       |     8 ||     8
 Abil: Exsanguinate      |     1 |       ||     1
  Use: Scroll            |     1 |     2 ||     3
 Stab: Sleeping          |     7 |     4 ||    11
Armor: Robe              |    26 |     6 ||    32
Dodge: Dodged            |    59 |    38 ||    97

Table legend:
 A = Non-vault XP
 B = Vault XP
 C = Vault XP percentage of total XP
 D = Non-vault monster count
 E = Vault monster count
 F = Vault count percentage of total count
                 A         B        C        D         E       F
            +---------+---------+-------+---------+---------+-------
      Total |     363 |       0 |   0.0 |      57 |       0 |   0.0
            +---------+---------+-------+---------+---------+-------
        D:1 |      55 |       0 |   0.0 |      25 |       0 |   0.0
        D:2 |     255 |       0 |   0.0 |      24 |       0 |   0.0
        D:3 |      53 |       0 |   0.0 |       8 |       0 |   0.0
            +---------+---------+-------+---------+---------+-------
